 Dungeon Crawl Stone Soup version 0.21.0-3-g78d12a8 (webtiles) character file.

142088 Faca the Markscentaur (level 16, -21/149 HPs)
             Began as a Centaur Hunter on Jan 11, 2018.
             Was the Champion of Okawaru.
             Blown up by an orb spider (34 damage)
             ... with an orb of destruction
             ... on level 3 of the Spider Nest.
             The game lasted 01:28:22 (39331 turns).

Faca the Markscentaur (Centaur Hunter)             Turns: 39331, Time: 01:28:23

Health: -21/149    AC: 43    Str: 15    XL:     16   Next: 79%
Magic:  21/21      EV:  4    Int: 14    God:    Okawaru [******]
Gold:   880        SH:  0    Dex: 23    Spells: 15/15 levels left

rFire    + + .     SeeInvis +   F - +7 trident of Kotoalu {flame, rC+}
rCold    + . .     Gourm    .   (no shield)
rNeg     + + +     Faith    .   O - +1 plate armour {rF+}
rPois    +         Spirit   .   i - +2 helmet
rElec    .         Reflect  .   L - +1 cloak {rF+}
rCorr    .         Harm     .   Q - +2 pair of gloves {archery}
MR       +....                  y - +10 Black Knight's horse barding {ponderous, rPois rN+}
Stlth    ..........             S - macabre finger necklace {rN+}
HPRegen  0.34/turn              G - ring of see invisible
MPRegen  0.17/turn              m - +5 ring of protection
                                l - ring "Pucapino" {+Fly rN+ Int+4 Dex+6 Stlth-}

@: quick
A: large, hooves 3, deformed body, speed 2, tough skin 3
a: Heroism, Finesse, Renounce Religion, Evoke Flight


You were on level 3 of the Spider Nest.
You worshipped Okawaru.
Okawaru was exalted by your worship.
You were not hungry.

You visited 5 branches of the dungeon, and saw 27 of its levels.
You also visited: Sewer and Volcano.

You collected 2387 gold pieces.
You spent 1507 gold pieces at shops.

Inventory:

Hand Weapons
 c - a +5 trident of freezing
 g - a +5 longbow
 B - the +12 longbow "Gaynnil" {flame, rPois}
   (Okawaru gifted it to you on level 5 of the Lair of Beasts)

   It causes projectiles fired from it to burn those they strike, causing extra
   injury to most foes and up to half again as much damage against particularly
   susceptible opponents.
   It protects you from poison.
 F - the +7 trident of Kotoalu (weapon) {flame, rC+}
   (You found it on level 11 of the Dungeon)

   It has been specially enchanted to burn those struck by it, causing extra
   injury to most foes and up to half again as much damage against particularly
   susceptible opponents.
   It protects you from cold.
Missiles
 d - 1202 arrows
Armour
 i - a +2 helmet (worn)
 y - the +10 Black Knight's horse barding (worn) {ponderous, rPois rN+}
   (You found it on level 7 of the Dungeon)

   It protects you from poison.
   It protects you from negative energy.
 L - a +1 cloak of fire resistance (worn)
 O - a +1 plate armour of fire resistance (worn)
 P - a +4 centaur barding of flying
 Q - a +2 pair of gloves of archery (worn)
Jewellery
 l - the ring "Pucapino" (on amulet) {+Fly rN+ Int+4 Dex+6 Stlth-}
   (You bought it in a shop on level 7 of the Dungeon)

   [ring of positive energy]

   It affects your intelligence (+4).
   It affects your dexterity (+6).
   It protects you from negative energy.
   It lets you fly.
   It makes you less stealthy.
 m - a +5 ring of protection (right hand)
 w - an uncursed ring of resist corrosion
 G - a ring of see invisible (left hand)
 M - an uncursed ring of flight
 N - an uncursed ring of protection from magic
 R - the ring "Buwizeo" {*Drain rC+ rN+ Str+3 Int+4}
   (You acquired it on level 2 of the Lair of Beasts)

   [ring of intelligence]

   It affects your strength (+3).
   It affects your intelligence (+4).
   It protects you from cold.
   It protects you from negative energy.
   It causes draining when unequipped.
 S - the macabre finger necklace (around neck) {rN+}
   (You bought it in a shop on level 7 of the Dungeon)

   [amulet of nothing]

   It protects you from negative energy.
 T - an uncursed amulet of magic regeneration {unknown}
Wands
 j - a wand of digging (21)
 o - a wand of disintegration (6)
 A - a wand of clouds (10)
 D - a wand of enslavement (13)
Scrolls
 b - 7 scrolls of remove curse
 n - 5 scrolls of blinking
 s - 9 scrolls of fear
 v - 2 scrolls of enchant armour
 x - 2 scrolls of magic mapping
 z - 8 scrolls of teleportation
 C - 5 scrolls of enchant weapon
 H - a scroll of holy word
 I - a scroll of summoning
 J - 2 scrolls of fog
 K - a scroll of identify
Potions
 a - 4 potions of haste
 e - 6 potions of lignification
 h - 4 potions of brilliance
 k - 4 potions of cancellation
 p - 6 potions of flight
 q - 3 potions of agility
 r - 5 potions of curing
 t - 4 potions of ambrosia
 u - a potion of invisibility
 E - 6 potions of berserk rage
Comestibles
 f - 12 rations


   Skills:
 + Level 15.2 Fighting
 - Level 14.0 Polearms
 + Level 19.3 Bows
 - Level 9.7 Armour
 - Level 5.4 Dodging
 - Level 0.4 Stealth
 + Level 7.2 Invocations


You had 15 spell levels left.
You didn't know any spells.

Dungeon Overview and Level Annotations

Branches:
Dungeon (15/15)            Temple (1/1) D:6            Lair (6/6) D:8
 Shoals (0/4) Lair:2       Spider (3/4) Lair:2        Slime (0/5) Lair:5
    Orc (2/2) D:10            Elf (0/3) Orc:2        Vaults (0/5) D:14
 Depths (0/5) D:15

Altars:
Ashenzari
Cheibriados
Dithmenos
Elyvilon
Fedhas
Gozag
Hepliaklqana
Kikubaaqudgha
Makhleb
Nemelex Xobeh
Okawaru
Qazlal
Ru
Sif Muna
Trog
Uskayaw
Vehumet
Wu Jian
Xom
Yredelemnul
Zin
The Shining One
Jiyva

Shops:
D:5 !   D:7 =   D:9 !   D:15 =   Orc:1 =!:   Orc:2 ([}??


Innate Abilities, Weirdness & Mutations

You have hooves in place of feet.
Armour fits poorly on your strangely shaped body.
You cover ground very quickly.
You have extremely tough skin. (AC +3)


Message History

Okawaru accepts your kill.
The orb of destruction dissipates.
The orb spider weaves a glowing orb of energy.
An orb of destruction comes into view.
The orb of destruction hits the orb spider.
The orb of destruction hits you!
The orb spider weaves a glowing orb of energy. x2 2 orbs of destruction come into view.
The orb spider spins a strand of pure energy.
The orb spider weaves a glowing orb of energy.
An orb of destruction comes into view.
The orb of destruction hits you! x2
* * * LOW HITPOINT WARNING * * *
The orb spider pulsates with a strange energy.
There is a stone staircase leading up, spattered with blood here.
The orbs collide in a blinding explosion!
The orb of destruction hits you!
* * * LOW HITPOINT WARNING * * *
The orb of destruction hits you!
You die...

..)$.........
............##
........!.$..##
........#.....#
.#...#....?...###.
...§..ssss.#......
......s.§§...!...?
...§...§§§.......#
..?..§§§§§@.....##
........§§......#
#################


You could see 5 orb spiders.

Vanquished Creatures
  Rupert (D:13)
  Gastronok (Lair:3)
  Agnes (D:13)
  2 ghost moths (Spider:1)
  An emperor scorpion (Spider:1)
  2 ghouls
  An entropy weaver (Spider:1)
  Nessos (Lair:5)
  A red draconian (Volcano)
  Azrael (Orc:2)
  Snorg (D:12)
  An ettin (D:15)
  A fire dragon (Lair:6)
  Josephine (Orc:2)
  4 hydras
  7 vault guards (D:14)
  9 centaur warriors
  5 tengu warriors
  A death knight (D:15)
  9 two-headed ogres
  Urug (Lair:3)
  5 orc high priests (Orc:2)
  Sonja (D:14)
  A deep elf knight (D:15)
  14 skeletal warriors
  3 unseen horrors
  A wizard (D:15)
  Pikel (D:6)
  5 orc knights
  A lindwurm (Lair:6)
  7 orb spiders
  12 wolf spiders
  2 orc sorcerers
  An ugly thing (D:12)
  A deep elf mage (D:12)
  4 cyclopes
  Joseph (D:8)
  3 manticores
  An elephant (Lair:4)
  Maurice (D:13)
  9 black mambas
  7 centaur zombies
  3 molten gargoyles (Lair:6)
  4 gargoyles
  9 spiny frogs
  2 torpor snails (Spider:1)
  5 rime drakes
  2 yaktaurs (Volcano)
  6 demonic crawlers
  An efreet (D:12)
  14 komodo dragons
  A freezing wraith (D:15)
  A guardian mummy (D:14)
  A troll (D:14)
  2 polar bears
  13 blink frogs
  2 hornets (Spider:1)
  24 jumping spiders
  A raiju (shapeshifter) (D:13)
  8 hippogriffs
  5 dream sheep (Lair:6)
  14 tarantellas
  Sigmund (D:3)
  A vampire (D:13)
  3 shadows
  51 redbacks
  10 wraiths
  2 water elementals (D:12)
  34 yaks
  2 fire elementals (Orc:2)
  7 wyverns
  5 fire bats (Volcano)
  4 basilisks
  A human (D:12)
  A hungry ghost (D:15)
  3 steam dragons (Lair:6)
  6 vampire mosquitoes
  Menkaure (D:5)
  An acid dragon (D:11)
  10 hell hounds
  11 water moccasins
  Duvessa (D:4)
  2 hornet zombies (D:14)
  13 porcupines
  6 sky beasts
  6 ice beasts
  34 orc warriors
  2 black bears (D:7)
  An eye of draining (D:13)
  2 phantoms
  27 centaurs
  12 ogres
  A boggart (D:12)
  9 wolves
  10 crocodiles
  3 big kobolds
  Blork the orc (D:4)
  29 bullfrogs
  A gnoll sergeant (D:4)
  3 wyvern zombies (D:14)
  Dowan (D:4)
  A scorpion (D:14)
  9 killer bees
  5 wights (D:15)
  4 howler monkeys
  4 electric eels
  8 crimson imps
  12 lava snakes
  6 hounds
  5 jellies
  A quasit (D:13)
  5 bullfrog zombies
  26 orc wizards
  36 orc priests
  5 centaur skeletons
  A bullfrog skeleton (D:11)
  7 iguanas
  13 worker ants
  A hound skeleton (D:5)
  2 mummies (D:14)
  Robin (D:2)
  6 gnolls
  A river rat (D:3)
  4 worker ant zombies
  8 adders
  4 shadow imps
  A white imp (D:5)
  2 adder zombies
  2 worms
  2 adder skeletons
  3 dart slugs
  5 leopard geckos
  72 orcs
  5 ball pythons
  2 bats
  10 giant cockroaches
  17 goblins
  12 hobgoblins
  24 jackals
  6 quokkas
  4 frilled lizards
  A giant cockroach zombie (D:5)
  A goblin skeleton (D:5)
  A goblin zombie (D:5)
  2 hobgoblin zombies (D:5)
  29 kobolds
  2 kobold zombies (D:5)
  2 leopard gecko skeletons
  A leopard gecko zombie (D:5)
  2 orc skeletons (D:5)
  2 orc zombies (D:5)
  7 rats
  A bush (Lair:4)
962 creatures vanquished.

Vanquished Creatures (others)
  A hell hound (Lair:6)
  2 slaves (D:6)
  A worker ant (D:6)
  3 orc wizards (D:6)
  An adder (D:6)
  A leopard gecko (D:6)
  3 orcs
  A ball python (D:6)
  A butterfly (D:6)
  5 fungi
  2 plants
  4 withered plants
25 creatures vanquished.

Grand Total: 987 creatures vanquished

Notes
Turn   | Place    | Note
-------+----------+-------------------------------------------
     0 | D:1      | Faca the Centaur Hunter began the quest for the Orb.
     0 | D:1      | Reached XP level 1. HP: 17/17 MP: 1/1
   435 | D:1      | Reached XP level 2. HP: 18/24 MP: 2/2
   761 | D:1      | Reached XP level 3. HP: 30/30 MP: 3/3
  1320 | D:2      | Reached skill level 1 in Polearms
  1475 | D:2      | Noticed Robin
  1491 | D:2      | Killed Robin
  1661 | D:1      | Reached XP level 4. HP: 37/37 MP: 4/4
  1665 | D:2      | Reached skill level 6 in Bows
  1965 | D:2      | Found a glowing silver altar of Zin.
  2097 | D:2      | Found a hide-covered altar of Uskayaw.
  2457 | D:3      | Noticed Sigmund
  2476 | D:3      | Killed Sigmund
  2476 | D:3      | Reached XP level 5. HP: 16/45 MP: 5/5
  2476 | D:3      | Reached XP level 6. HP: 18/51 MP: 6/6
  2748 | D:3      | Found a glowing drain.
  2769 | Sewer    | Entered a sewer
  2949 | Sewer    | Reached skill level 7 in Bows
  4042 | D:4      | Noticed Duvessa
  4043 | D:4      | Noticed Dowan
  4062 | D:4      | Killed Duvessa
  4062 | D:4      | Reached XP level 7. HP: 43/59 MP: 7/7
  4071 | D:4      | Killed Dowan
  4362 | D:4      | Noticed Blork the orc
  4370 | D:4      | Killed Blork the orc
  5231 | D:5      | Entered Level 5 of the Dungeon
  5291 | D:5      | Found a glowing golden altar of the Shining One.
  5426 | D:5      | Reached skill level 8 in Bows
  5440 | D:5      | Reached skill level 5 in Fighting
  5440 | D:5      | Reached XP level 8. HP: 33/68 MP: 8/8
  5829 | D:5      | Noticed Menkaure
  5833 | D:5      | Killed Menkaure
  5888 | D:5      | Found Arghalar's Distillery.
  6508 | D:5      | Reached skill level 5 in Polearms
  6705 | D:6      | Noticed Pikel
  6729 | D:6      | Killed Pikel
  6729 | D:6      | Reached skill level 9 in Bows
  6729 | D:6      | Reached XP level 9. HP: 54/75 MP: 9/9
  7095 | D:6      | Found a staircase to the Ecumenical Temple.
  7110 | Temple   | Entered the Ecumenical Temple
  7319 | Temple   | Became a worshipper of Warmaster Okawaru
  7453 | D:6      | Found a burning altar of Makhleb.
  7494 | D:6      | Found a burning altar of Makhleb.
  7574 | D:6      | Noticed a two-headed ogre
  7615 | D:6      | Killed a two-headed ogre
  7615 | D:6      | Reached * piety under Okawaru
  7615 | D:6      | Reached skill level 5 in Dodging
  7959 | D:6      | Reached skill level 10 in Bows
  8409 | D:7      | Found the +10 Black Knight's horse barding {ponderous, rPois rN+}
  8791 | D:7      | Reached ** piety under Okawaru
  8793 | D:7      | Reached XP level 10. HP: 86/86 MP: 10/10
  8835 | D:7      | Found an ancient bone altar of Kikubaaqudgha.
  9040 | D:7      | Found a shimmering altar of Xom.
  9198 | D:7      | Found a bloodstained altar of Trog.
  9355 | D:7      | Found Potutah's Jewellery Emporium.
  9411 | D:8      | Found a staircase to the Lair.
  9546 | D:8      | Found a sparkling altar of Nemelex Xobeh.
  9587 | D:8      | Noticed Joseph
  9605 | D:8      | Killed Joseph
  9605 | D:8      | Reached skill level 1 in Armour
  9825 | D:8      | Reached *** piety under Okawaru
  9914 | D:8      | Found a sparkling altar of Nemelex Xobeh.
 10114 | D:8      | Reached skill level 11 in Bows
 10267 | D:8      | Found a stormy altar of Qazlal.
 10566 | D:9      | Found Ozoafia's Distillery.
 10895 | D:9      | Received a gift from Okawaru
 10958 | D:10     | Entered Level 10 of the Dungeon
 10984 | D:10     | Noticed a two-headed ogre
 11007 | D:10     | Killed a two-headed ogre
 11007 | D:10     | Reached **** piety under Okawaru
 11087 | D:10     | Reached XP level 11. HP: 94/94 MP: 11/11
 11255 | D:10     | Found a staircase to the Orcish Mines.
 11371 | D:10     | Killed an unseen horror
 11741 | D:11     | Received a gift from Okawaru
 12065 | D:11     | Noticed a two-headed ogre
 12074 | D:11     | Killed a two-headed ogre
 12080 | D:11     | Reached ***** piety under Okawaru
 12095 | D:11     | Got an encrusted trident
 12160 | D:11     | Reached skill level 10 in Polearms
 12339 | D:11     | Received a gift from Okawaru
 12488 | D:11     | Reached skill level 12 in Bows
 12593 | D:11     | Noticed a two-headed ogre
 12602 | D:11     | Killed a two-headed ogre
 12602 | D:11     | Received a gift from Okawaru
 12970 | D:11     | Noticed an eight-headed hydra
 12978 | D:11     | Killed an eight-headed hydra
 12978 | D:11     | Received a gift from Okawaru
 13390 | D:11     | Identified the +7 trident of Kotoalu {flame, rC+} (You found it on level 11 of the Dungeon)
 13488 | D:12     | Noticed a deep elf mage
 13492 | D:12     | Noticed a five-headed hydra
 13670 | Lair:1   | Entered Level 1 of the Lair of Beasts
 13942 | Lair:1   | Received a gift from Okawaru
 14488 | Lair:1   | Reached XP level 12. HP: 76/105 MP: 12/12
 15094 | Lair:2   | Found a dark tunnel.
 15104 | Volcano  | Entered a volcano
 15202 | Volcano  | Received a gift from Okawaru
 15216 | Volcano  | Got a crude fustibalus {god gift}
 15486 | Volcano  | Noticed a red draconian
 15515 | Volcano  | Killed a red draconian
 15711 | Volcano  | Found a bloodstained altar of Trog.
 15728 | Volcano  | Noticed a centaur warrior
 15752 | Volcano  | Killed a centaur warrior
 15752 | Volcano  | Reached skill level 13 in Bows
 15969 | Volcano  | Found a bloodstained altar of Trog.
 15992 | Lair:2   | Identified the +7 fustibalus of Anxiety {venom, rElec rC+} (Okawaru gifted it to you in a volcano)
 16012 | Lair:2   | Found a hole to the Spider Nest.
 16170 | Lair:2   | Received a gift from Okawaru
 16274 | Lair:2   | Reached skill level 5 in Armour
 16284 | Lair:2   | Reached skill level 10 in Fighting
 16671 | Lair:2   | Found a staircase to the Shoals.
 17328 | Lair:3   | Noticed Urug
 17344 | Lair:3   | Killed Urug
 17535 | Lair:3   | Noticed Gastronok
 17550 | Lair:3   | Killed Gastronok
 17550 | Lair:3   | Reached ****** piety under Okawaru
 17550 | Lair:3   | Reached XP level 13. HP: 103/114 MP: 13/13
 18847 | Lair:4   | Reached skill level 14 in Bows
 18920 | Lair:5   | Noticed Nessos
 19552 | Lair:5   | Received a gift from Okawaru
 19560 | Lair:5   | Got a slimy longbow {god gift}
 19561 | Lair:5   | Identified the +12 longbow "Gaynnil" {flame, rPois} (Okawaru gifted it to you on level 5 of the Lair of Beasts)
 19603 | Lair:5   | Killed Nessos
 20094 | Lair:5   | Found a staircase to the Slime Pits.
 20095 | Lair:5   | Found a viscous altar of Jiyva.
 20425 | Lair:6   | Entered Level 6 of the Lair of Beasts
 20969 | Lair:6   | Received a gift from Okawaru
 21455 | Lair:6   | Received a gift from Okawaru
 21624 | Lair:6   | Received a gift from Okawaru
 21674 | Lair:6   | Found a large runed door.
 21675 | Lair:6   | Found a large runed door.
 21729 | Lair:6   | Reached XP level 14. HP: 72/124 MP: 14/14
 22214 | Lair:6   | Reached skill level 15 in Bows
 22951 | D:12     | Found a deep blue altar of Sif Muna.
 22999 | D:12     | Noticed Snorg
 23019 | D:12     | Killed Snorg
 24071 | D:13     | Noticed Rupert
 24155 | Orc:1    | Entered Level 1 of the Orcish Mines
 24155 | Orc:1    | Found Oqoh's Jewellery Shoppe.
 24202 | Orc:1    | Received a gift from Okawaru
 24917 | Orc:1    | Found Fokk's Distillery.
 25096 | Orc:2    | Entered Level 2 of the Orcish Mines
 25163 | Orc:2    | Noticed Azrael
 25189 | Orc:2    | Killed Azrael
 25437 | Orc:2    | Noticed Josephine
 25447 | Orc:2    | Killed Josephine
 25462 | Orc:2    | Found Hideng's Antique Weapon Shoppe.
 25818 | Orc:2    | Found a staircase to the Elven Halls.
 26592 | Orc:2    | Received a gift from Okawaru
 26872 | Orc:2    | Reached skill level 16 in Bows
 27279 | Orc:2    | Received a gift from Okawaru
 27314 | Orc:2    | Found Zugro's Gadget Emporium.
 27314 | Orc:2    | Found Guisuhio's Antique Armour Emporium.
 27315 | Orc:2    | Found Rarchum's Magic Scroll Emporium.
 27315 | Orc:2    | Found Buih's Magic Scroll Shoppe.
 27322 | Orc:2    | Bought a pair of runed gloves for 202 gold pieces
 27554 | Orc:1    | Found Ziuheluq's Book Shop.
 27780 | D:7      | Bought the ring "Pucapino" {+Fly rN+ Int+4 Dex+6 Stlth-} for 535 gold pieces
 27780 | D:7      | Bought an uncursed amulet of harm for 330 gold pieces
 27780 | D:7      | Bought the macabre finger necklace {rN+} for 440 gold pieces
 27780 | D:7      | Found the macabre finger necklace {rN+}
 28311 | D:13     | Noticed Maurice
 28320 | D:13     | Killed Maurice
 28634 | D:13     | Reached XP level 15. HP: 133/134 MP: 15/15
 28706 | D:13     | Paralysed by Rupert for 3 turns
 28713 | D:13     | Killed Rupert
 29891 | D:14     | Reached skill level 17 in Bows
 29934 | D:14     | Noticed Agnes
 29983 | D:13     | Killed Agnes
 30323 | D:13     | Received a gift from Okawaru
 30965 | D:14     | Noticed Sonja
 30974 | D:14     | Killed Sonja
 30974 | D:14     | Received a gift from Okawaru
 31434 | D:14     | Received a gift from Okawaru
 31734 | D:14     | Found a gate to the Vaults.
 31847 | D:14     | Received a gift from Okawaru
 32631 | D:15     | Entered Level 15 of the Dungeon
 32703 | D:15     | Found Ewuewo's Jewellery Emporium.
 32974 | D:15     | Reached skill level 1 in Invocations
 32996 | D:15     | Reached skill level 18 in Bows
 33136 | D:15     | Identified 3 scrolls of acquirement
 33158 | D:15     | Found a shattered altar of Ashenzari.
 33255 | D:15     | Reached XP level 16. HP: 141/146 MP: 17/17
 33261 | D:15     | Identified the Collected Works on the Volcanoes and the Glacier
 33743 | D:15     | Found a staircase to the Depths.
 33908 | D:15     | Identified the +10 hand axe of Dominance {flame, rElec rF+ Str-3 SInv} (You found it on level 15 of the Dungeon)
 34268 | Spider:1 | Entered Level 1 of the Spider Nest
 34354 | Spider:1 | Received a gift from Okawaru
 35042 | Lair:2   | Got a heavily runed turquoise ring
 35047 | Lair:2   | Identified the ring "Buwizeo" {*Drain rC+ rN+ Str+3 Int+4} (You acquired it on level 2 of the Lair of Beasts)
 35351 | Spider:1 | Reached skill level 5 in Invocations
 37110 | Spider:2 | Reached skill level 19 in Bows
 37684 | Spider:2 | Reached skill level 15 in Fighting
 38545 | Spider:3 | Received a gift from Okawaru
 39331 | Spider:3 | Blown up by an orb spider

Skill      XL: |  1  2  3  4  5  6  7  8  9 10 11 12 13 14 15 16 |
---------------+-------------------------------------------------+-----
Polearms       | 1 2 3 4 5 7 9 10 12 13 14 | 14.0
Dodging        | 2 3 4 5 |  5.4
Bows           | 6 7 8 9 10 11 12 13 14 16 18 19 | 19.3
Fighting       | 3 4 5 7 8 9 10 11 12 14 15 | 15.2
Armour         | 2 4 5 6 8 9 |  9.7
Invocations    | 2 7 |  7.2
Stealth        | |  0.4

Action                   |  1- 3 |  4- 6 |  7- 9 | 10-12 | 13-15 | 16-18 || total
-------------------------+-------+-------+-------+-------+-------+-------++-------
Melee: Spear             |   126 |   217 |    34 |       |       |       ||   377
       Kick              |    22 |    56 |    75 |   239 |   651 |   222 ||  1265
       Short sword       |     4 |       |       |       |       |       ||     4
       Unarmed           |       |     3 |       |       |       |       ||     3
       Trident           |       |       |   342 |   831 |  2038 |   595 ||  3806
 Fire: Longbow           |       |       |       |       |    22 |    25 ||    47
Invok: Heroism           |       |       |       |     2 |       |       ||     2
  Use: Scroll            |       |    12 |     5 |     8 |    10 |    11 ||    46
       Potion            |       |     3 |     1 |     2 |     1 |     3 ||    10
 Stab: Distracted        |       |       |       |       |       |     2 ||     2
  Eat: Ration            |     1 |     1 |     3 |     6 |     9 |     5 ||    25
       Chunk             |     1 |       |     4 |     6 |    14 |     2 ||    27
Armor: Leather armour    |    32 |       |       |       |       |       ||    32
       Ring mail         |    26 |    73 |    32 |       |       |       ||   131
       Chain mail        |       |       |   111 |   534 |   999 |       ||  1644
       Plate armour      |       |       |       |       |    89 |   716 ||   805
Dodge: Dodged            |    56 |    76 |    80 |   124 |   287 |   119 ||   742
Block: Other             |       |     1 |    19 |    48 |    40 |       ||   108
       Reflection        |       |       |       |     6 |     4 |       ||    10
